 Dungeon Crawl Stone Soup version 0.19.5 (webtiles) character file.

31 Monsterracer the Chucker (level 3, 0/36 HPs)
             Began as an Ogre Hunter on Apr 13, 2017.
             Slain by an adder (5 damage)
             ... on level 1 of the Dungeon.
             The game lasted 00:03:22 (1694 turns).

Monsterracer the Chucker (Ogre Hunter)              Turns: 1694, Time: 00:03:23

Health: 0/36       AC:  3    Str: 18    XL:     3   Next: 22%
Magic:  3/3        EV: 10    Int: 10    God:
Gold:   24         SH:  0    Dex: 10    Spells: 0 memorised, 2 levels left

rFire  . . .     SeeInvis .     h - +0 club
rCold  . . .     Gourm    .     b - +0 robe
rNeg   . . .     Faith    .     (no shield)
rPois  .         Spirit   .     (helmet restricted)
rElec  .         Reflect  .     (no cloak)
rCorr  .         Harm     .     (gloves unavailable)
MR     .....                    (boots unavailable)
Stlth  +.........               i - amulet of magic regeneration
                                (no ring)
                                (no ring)

@: lethally poisoned (0 -> -7)
A: unfitting armour, tough skin 1
a: no special abilities


You were on level 1 of the Dungeon.
You were hungry.

You visited 1 branch of the dungeon, and saw 2 of its levels.

You collected 24 gold pieces.

Inventory:

Hand Weapons
 h - a +0 club (weapon)
Missiles
 d - a throwing net (quivered)
 e - 36 stones
Armour
 b - a +0 robe (worn)
Jewellery
 g - an uncursed ring of ice
 i - an amulet of magic regeneration (around neck)
Scrolls
 a - a scroll of blinking {unknown}
 j - a scroll of fear {unknown}
 k - 2 scrolls of identify {unknown}
 l - a scroll of remove curse {unknown}
 m - a scroll of enchant weapon {unknown}
Comestibles
 f - a bread ration


   Skills:
 + Level 2.9 Fighting
 * Level 2.6 Maces & Flails
 - Level 4.1 Throwing
 - Level 2.1 Dodging
 - Level 0.6 Stealth
 + Level 0.0 Unarmed Combat


You had 2 spell levels left.
You didn't know any spells.

Dungeon Overview and Level Annotations

Branches:
Dungeon (2/15)

Altars:

Annotations:
D:2 Sigmund


Innate Abilities, Weirdness & Mutations

You are too large for most types of armour.
You have tough skin. (AC +1)


Message History

Throwing (i - inventory. (,) - cycle):
d - 2 throwing nets (quivered)
Press: ? - help, Shift-Dir - straight line, f/p - adder
Aim: an adder (heavily wounded)
You throw a throwing net. The throwing net hits the adder.
The adder is caught in the net!
The adder is heavily wounded.
* * * LOW HITPOINT WARNING * * *
You feel sick.
The adder struggles against the net.
You catch the helpless adder completely off-guard!
You hit the adder.
The adder is severely wounded.
* * * LOW HITPOINT WARNING * * *
You feel sick.
The adder struggles against the net. x2
* * * LOW HITPOINT WARNING * * *
You feel sick.
The adder struggles against the net.
The adder struggles against the net.
The net rips apart, and the adder comes free!
* * * LOW HITPOINT WARNING * * *
You feel sick. The adder bites you.
You die...

##.........##.##### #รท#
##.........##.....#### ####.#####
##.........######....###......#..
.............##.#.#.#.#.#........
.....#########...................
###### ##.#.#.#.#.#........ ..##
#............>...... #..#
##.#.#.#.#.#.....>.. ##.##
#..@................ ##..######
##S#.#.#.#.#........
.........#####................#..
...##........(#)#.#.#.#.#########
##.##########.............#######
..............#.#.#.#.#.#.......#
##......##.####(#####..##########
##..........)...# ##.####.....#
.)....##.##.....######...........


You could see an adder.

Vanquished Creatures
  A leopard gecko (D:1)
  5 bats (D:1)
  A giant cockroach (D:1)
  5 goblins
  4 hobgoblins (D:1)
  2 jackals (D:1)
  4 kobolds
  A frilled lizard (D:1)
  3 rats
26 creatures vanquished.

Notes
Turn   | Place    | Note
-------+----------+-------------------------------------------
     0 | D:1      | Monsterracer the Ogre Hunter began the quest for the Orb.
     0 | D:1      | Reached XP level 1. HP: 22/22 MP: 1/1
   191 | D:1      | Reached XP level 2. HP: 22/29 MP: 2/2
   460 | D:1      | Reached skill level 1 in Maces & Flails
  1055 | D:1      | Reached XP level 3. HP: 18/36 MP: 3/3
  1662 | D:2      | Noticed Sigmund
  1694 | D:1      | Slain by an adder

Skill      XL: |  1  2 |
---------------+-------+-----
Dodging        | 2 |  2.1
Maces & Flails | 2 |  2.6
Fighting       | |  2.9
Throwing       | |  4.1
Stealth        | |  0.6

Action                   || total
-------------------------++-------
Melee: Unarmed           ||    27
       Short sword       ||    14
       Club              ||    92
Throw: Stone             ||    29
       Large rock        ||     6
       Throwing net      ||     1
  Use: Potion            ||     1
 Stab: Sleeping          ||     1
       Held in net/web   ||     1
  Eat: Chunk             ||     2
Armor: Robe              ||    63
Dodge: Dodged            ||   112
